Match 41342286
Unlisted

Match 41342286
End
Vickers Machine Gun Team
Construct Section Command Post
Selects Indian Artillery Battlegroup
Selects Indian Artillery Battlegroup
Dingo Light Scout Car
Infantry Section
Infantry Section
Infantry Section
Construct Platoon Command Post
Grenade Package
Selects Valour
Selects Towed ML 4.2-inch Heavy Mortar
Selects Valour
Towed ML 4.2-inch Heavy Mortar
Construct Company Command Post
Selects Gurkha Rifles Section
6-pounder Anti-tank Gun Team
Matilda II Heavy Tank
Construct Field Infirmary
Selects Volunteer Infantry
Crusader II Medium Tank
Selects Off-map Airburst Barrage
Foot Guards Section
Unlock M3 Grant Medium Tanks
6-pounder Anti-tank Gun Team
Team Weapon Training
Selects BL5.5 Artillery Emplacement
M3 Grant Medium Tank
Off-map Airburst Barrage
Royal Engineer Section
M3 Grant Medium Tank
Armored Vehicle Training
Off-map Airburst Barrage
Off-map Airburst Barrage
Royal Engineer Section
BeerGrills
-AL- Nimahfrosch
Nachosguy
Leiarde
0
0

Comments sign in to comment!

No comments posted yet!